 Dungeon Crawl Stone Soup version 0.21-a0-529-g8c7b3f5 (webtiles) character file.

340 Lavandula the Cutter (level 6, -3/47 HPs)
             Began as a Mummy Chaos Knight on Dec 9, 2017.
             Killed from afar by an orc wizard (6 damage)
             ... with a magic dart
             ... on level 4 of the Dungeon.
             The game lasted 00:10:31 (4310 turns).

Lavandula the Cutter (Mummy Chaos Knight)           Turns: 4310, Time: 00:10:32

Health: -3/47      AC:  7    Str: 16    XL:     6   Next: 30%
Magic:  6/6        EV: 11    Int: 11    God:    Xom [*.....]
Gold:   242        SH:  0    Dex: 13    Spells: 5/5 levels left

rFire    . . .     SeeInvis .   a - +0 short sword (chaos)
rCold    + . .     Gourm    .   (no shield)
rNeg     + + +     Faith    .   b - +2 leather armour
rPois    ∞         Spirit   .   (no helmet)
rElec    .         Reflect  .   j - +1 cloak
rCorr    .         Harm     .   (no gloves)
MR       +....                  (no boots)
Stlth    +.........             (no amulet)
HPRegen  0.15/turn              r - ring of protection from magic
MPRegen  0.10/turn              m - ring of protection from fire

@: about to teleport
A: no food or potions, fire vulnerability, cold resistance 1, negative energy
resistance 3, torment resistance, unbreathing
a: Renounce Religion


You were on level 4 of the Dungeon.
You worshipped Xom.
You were a special plaything of Xom.
You were not hungry.

You visited 1 branch of the dungeon, and saw 4 of its levels.

You collected 242 gold pieces.

Inventory:

Hand Weapons
 a - a +0 short sword of chaos (weapon)
 c - a +0 dagger
 p - a cursed -1 short sword
 t - a +0 vampiric dagger
Missiles
 g - 9 tomahawks (quivered)
Armour
 b - a +2 leather armour (worn)
 j - a +1 cloak (worn)
Jewellery
 m - a ring of protection from fire (right hand)
 n - an uncursed ring of fire
 r - a ring of protection from magic (left hand)
Scrolls
 d - a scroll of magic mapping
 f - 2 scrolls of teleportation
 h - 4 scrolls of amnesia
 i - 2 scrolls of enchant weapon
 k - a scroll of remove curse {unknown}
 l - a scroll of immolation {unknown}
 o - a scroll of random uselessness {unknown}
 q - a scroll of fog
 s - a scroll of blinking {unknown}


   Skills:
 - Level 3.0 Fighting
 + Level 5.9 Short Blades
 - Level 1.5 Armour
 - Level 0.7 Dodging


You had 5 spell levels left.
You didn't know any spells.

Dungeon Overview and Level Annotations

Branches:
Dungeon (4/15)
 Temple: D:4-7

Altars:
Makhleb
Xom


Innate Abilities, Weirdness & Mutations

You do not eat or drink.
Your flesh is vulnerable to fire.
You are immune to poison.
Your flesh is cold resistant. (rC+)
You are immune to negative energy. (rN+++)
You are immune to unholy pain and torment.
You can survive without breathing.


Message History

The puff of frost hits you! You resist.
You hear some strange, mumbled words.
A puff of flame appears from out of thin air!
The puff of flame hits you!
* * * LOW HITPOINT WARNING * * *
You close the door.
Something unseen opens the door.
The orc hits you but does no damage.
Unknown command.
A magic dart appears from out of thin air!
The magic dart hits you!
* * * LOW HITPOINT WARNING * * *
As you read the scroll of fear, it crumbles to dust.
You assume a fearsome visage.
The orc looks frightened! x2
As you read the scroll of teleportation, it crumbles to dust.
You feel strangely unstable.
A puff of flame appears from out of thin air!
The puff of flame hits you!
A magic dart appears from out of thin air!
The magic dart hits you!
You die...

.........%#...............#
.....>....................#
......#####...............#######
........!.'.....>........).......
.....######...............###.###
.....# #...............# #.#
.....######...............# #.#
.....oo..........#.###....# #.#
.....###########@#.# #....# #.#
.....# #.#.# ###### #.#
##§§§##### #.#.# #.# #§§§.......
#.#.# #.# # #§§§....... #.#.##
#.# #..§....... #..†<# #.#
#.......... ###.## ......#.#
#..(.!..[.. #.## ......#.#
#.......... #..# ......#.#


There were no monsters in sight!

Vanquished Creatures
  An ogre (D:4)
  2 orc priests (D:3)
  2 worker ants
  A hound skeleton (D:4)
  2 adders (D:3)
  A shadow imp (D:4)
  An ooze (D:4)
  An adder skeleton (D:4)
  3 worms
  A dart slug (D:4)
  2 leopard geckos
  15 orcs
  2 ball pythons
  7 bats
  7 giant cockroaches
  3 goblins
  7 hobgoblins
  6 jackals
  5 kobolds
  2 quokkas (D:4)
  4 frilled lizards
  7 rats
82 creatures vanquished.

Notes
Turn   | Place    | Note
-------+----------+-------------------------------------------
     0 | D:1      | Lavandula the Mummy Chaos Knight began the quest for the Orb.
     0 | D:1      | Reached XP level 1. HP: 18/18 MP: 1/1
   106 | D:1      | XOM: harmless Fire miscast
   108 | D:1      | Reached XP level 2. HP: 23/24 MP: 2/2
   108 | D:1      | Reached skill level 3 in Short Blades
   368 | D:1      | XOM: divination: detect creatures
   410 | D:1      | XOM: cloud trail
   457 | D:1      | XOM: god gift: 42 gold pieces
   697 | D:2      | Reached XP level 3. HP: 29/29 MP: 3/3
  1108 | D:2      | Found a shimmering altar of Xom.
  1108 | D:2      | Found a burning altar of Makhleb.
  1136 | D:2      | XOM: harmless Tmut miscast
  1141 | D:2      | XOM: cloud trail
  1159 | D:3      | XOM: noise
  1193 | D:3      | Reached skill level 4 in Short Blades
  1209 | D:3      | HP: 1/29 [orc priest/divine providence (12)]
  1756 | D:1      | XOM: mild Hex miscast
  1969 | D:2      | Reached XP level 4. HP: 17/35 MP: 4/4
  2134 | D:3      | XOM: swap monsters
  2136 | D:3      | XOM: potion effect (heal wounds)
  2569 | D:3      | XOM: 4-stop teleportation journey
  2861 | D:3      | Reached XP level 5. HP: 27/41 MP: 5/5
  2871 | D:3      | XOM: mild Tmut miscast
  3577 | D:3      | XOM: summons 2 hostile demons
  3668 | D:4      | Noticed an ogre
  3703 | D:4      | Noticed a phantom
  3711 | D:3      | XOM: summons 5 friendly demons
  3714 | D:3      | Reached skill level 5 in Short Blades
  3782 | D:4      | XOM: smoke on damage
  3792 | D:4      | XOM: god gift: 47 gold pieces
  4094 | D:4      | XOM: enchant monster (good)
  4112 | D:4      | Killed an ogre
  4112 | D:4      | Reached XP level 6. HP: 47/47 MP: 6/6
  4288 | D:4      | XOM: fog
  4304 | D:4      | HP: 2/47 [something/magic dart (3)]
  4310 | D:4      | Killed from afar by an orc wizard

Vault maps used:
D:1:      minmay_arrival_statue_studded
D:2:      chequers_temple_overflow_statue_of_worship
D:3:      serial_forest, infiniplex_forest_split, infiniplex_forest_lined_ring,
          infiniplex_forest_clump_small, infiniplex_forest_lined_corner,
          infiniplex_forest_side_room, infiniplex_forest_clump_double
D:4:      first_bread

Skill      XL: |  1  2  3  4  5 |
---------------+----------------+-----
Short Blades   | 3 4 5 |  5.9
Fighting       | |  3.0
Armour         | |  1.5
Dodging        | |  0.7

Action                   |  1- 3 |  4- 6 || total
-------------------------+-------+-------++-------
Melee: Short sword       |   142 |   225 ||   367
Throw: Tomahawk          |     4 |     2 ||     6
  Use: Scroll            |     4 |     6 ||    10
 Stab: Petrified         |     1 |     9 ||    10
       Sleeping          |     1 |       ||     1
       Petrifying        |       |     1 ||     1
Armor: Leather armour    |    47 |    75 ||   122
Dodge: Dodged            |    64 |   138 ||   202

Table legend:
 A = Spawn XP
 B = Non-spawn XP
 C = Spawn XP percentage of total XP
 D = Spawn monster count
 E = Non-spawn monster count
 F = Spawn count percentage of total count
 G = Total turns spent on level
                    A         B        C        D         E        F      G
               +---------+---------+-------+---------+---------+-------+---------
         Total |       0 |     487 |   0.0 |       0 |      82 |   0.0 |  4310
               +---------+---------+-------+---------+---------+-------+---------
           D:1 |       0 |      32 |   0.0 |       0 |      17 |   0.0 |   866
           D:2 |       0 |      48 |   0.0 |       0 |      24 |   0.0 |  1529
           D:3 |       0 |     191 |   0.0 |       0 |      27 |   0.0 |  1549
           D:4 |       0 |     216 |   0.0 |       0 |      14 |   0.0 |   366
               +---------+---------+-------+---------+---------+-------+---------
